 Dungeon Crawl Stone Soup version 0.27-a0-1384-g1422d76b99 (webtiles) character file.

Game seed: 8365775309675368007

198254 robertstho the Impaler (level 17, -3/216 HPs)
             Began as a Demonspawn Berserker on June 30, 2021.
             Was a High Priest of Trog.
             Slain by a salamander (14 damage)
             ... on level 4 of the Snake Pit.
             The game lasted 01:00:41 (32459 turns).

robertstho the Impaler (Demonspawn Berserker)      Turns: 32459, Time: 01:00:42

Health: -3/216     AC: 31    Str: 23    XL:     17   Next: 80%
Magic:  17/17      EV:  7    Int: 13    God:    Trog [*****.]
Gold:   3323       SH:  5    Dex: 19    Spells: 16/16 levels left

rFire    . . .     SeeInvis .   C - +12 glaive of Prune {vorpal}
rCold    . . .     Faith    .   (shield currently unavailable)
rNeg     . . .     Spirit   .   a - +1 plate armour {rPois}
rPois    +         Reflect  +   (helmet unavailable)
rElec    +         Harm     .   t - +1 cloak
rCorr    .         Rampage  .   j - +0 pair of gloves
Will     ++...                  E - +1 pair of boots
Stlth    ..........             V - amulet of reflection
HPRegen  0.46/turn              L - +4 ring of protection
MPRegen  0.15/turn              S - ring "Nuripsa" {rElec Int+3 Dex+6 Slay+4 Stlth-}

@: berserking (expiring), lethally poisoned (-3 -> -6), constricted, studying
Axes, very quick
A: horns 3, thin metallic scales 2, icemail 2, powered by death 1, torment
resistance 1, condensation shield, demonic willpower
}: 1/15 runes: decaying
a: Renounce Religion, Berserk, Trog's Hand, Brothers in Arms


You were on level 4 of the Snake Pit.
You worshipped Trog.
Trog was extremely pleased with you.
You visited 5 branches of the dungeon, and saw 28 of its levels.
You also visited: Ossuary, Bailey and Gauntlet.

You collected 3572 gold pieces.
You spent 249 gold pieces at shops.

Inventory:

Hand Weapons
 C - the +12 glaive of Prune (weapon) {vorpal}
   (You found it in a bailey)

   It inflicts extra damage upon your enemies.
 W - a +5 demon trident of venom
Armour
 a - a +1 plate armour of poison resistance (worn)
 b - a +0 tower shield
 f - a +2 chain mail of fire resistance
 j - a +0 pair of gloves (worn)
 t - a +1 cloak (worn)
 E - a +1 pair of boots (worn)
Jewellery
 l - a ring of flight
 p - a ring of magical power
 u - an amulet of guardian spirit
 I - an amulet of the acrobat
 L - a +4 ring of protection (left hand)
 P - a ring of ice
 R - the ring "Moloynwauxt" {rC+ rN+ Str+2 Stlth-}
   (You found it in a Gauntlet)

   [ring of positive energy]

   Str:       It affects your strength (+2).
   rC:        It protects you from cold.
   rN:        It protects you from negative energy.
   Stlth:     It makes you less stealthy.
 S - the ring "Nuripsa" (right hand) {rElec Int+3 Dex+6 Slay+4 Stlth-}
   (You found it in a Gauntlet)

   [ring of dexterity]

   Int:       It affects your intelligence (+3).
   Dex:       It affects your dexterity (+6).
   Slay:      It affects your accuracy & damage with ranged weapons and melee
   (+4).
   rElec:     It insulates you from electricity.
   Stlth:     It makes you less stealthy.
 V - an amulet of reflection (around neck)
 Z - a ring of willpower
Wands
 q - a wand of acid (8)
 z - a wand of digging (15)
 F - a wand of iceblast (18)
 X - a wand of mindburst (27)
Scrolls
 c - 2 scrolls of fear
 i - 4 scrolls of identify
 m - 8 scrolls of teleportation
 n - 5 scrolls of immolation
 w - a scroll of summoning
 x - 4 scrolls of silence
 y - a scroll of enchant weapon
 A - 4 scrolls of magic mapping
 G - a scroll of blinking
 K - 2 scrolls of fog
 O - 2 scrolls of enchant armour
Potions
 d - 15 potions of curing
 e - 9 potions of flight
 g - 5 potions of haste
 h - 5 potions of lignification
 k - 5 potions of might
 o - 3 potions of magic
 r - 3 potions of resistance
 s - 7 potions of heal wounds
 v - a potion of invisibility
 B - 3 potions of cancellation
 D - 5 potions of ambrosia
 H - a potion of attraction
Miscellaneous
 J - a lightning rod (4/4)
 N - a phantom mirror
 Q - a condenser vane
 T - a box of beasts
 Y - a tin of tremorstones (2/2)


   Skills:
 * Level 16.3 Fighting
 + Level 4.8 Long Blades
 + Level 17.7 Polearms
 * Level 14.6 Armour
 + Level 5.1 Dodging
 + Level 12.3 Shields
 + Level 0.6 Evocations


You had 16 spell levels left.
You didn't know any spells.
Your spell library was empty.

Dungeon Overview and Level Annotations

Branches:
Dungeon (12/15)            Temple (0/1) D:5            Lair (6/6) D:10
  Swamp (4/4) Lair:3        Snake (4/4) Lair:4        Slime (0/5) Lair:5
    Orc (2/2) D:9             Elf (0/3) Orc:2       Ossuary (visited)
 Bailey (visited)         Gauntlet (visited)

Altars:
Ashenzari
Elyvilon
Fedhas
Hepliaklqana
Kikubaaqudgha
Nemelex Xobeh
Okawaru
Sif Muna
Trog
Uskayaw
Vehumet
Xom
Zin
The Shining One
Beogh
Jiyva

Shops:
Orc:1 *   Orc:2 *([(   Snake:1 :=:   Snake:4 !


Innate Abilities, Weirdness & Mutations

You have a pair of large horns on your head.
You are mostly covered in thin metallic scales. (AC +3)
A meltable icy envelope protects you from harm. (AC +0)
You regenerate a little health from kills.
You are resistant to unholy torment.
A meltable shield of frost defends you. (SH +0)
You punish those that try to bend your will. (Will+)


Message History

The guardian serpent barely misses you.
You slice the naga warrior like a ripe choko!!!
Your headbutt misses the naga warrior.
The naga warrior is heavily wounded.
The guardian serpent closely misses you.
You slice the guardian serpent!!
You kill the guardian serpent!
Trog accepts your kill.
Trog appreciates your killing of a magic user.
You block the salamander's attack.
Unknown command.
You slice the naga warrior!! You headbutt the naga warrior.
You kill the naga warrior!
Trog accepts your kill. The naga spits poison at you.
The splash of poison hits you but does no damage.
You are poisoned.
You resist.
You feel sick.
The salamander hits you but does no damage.
You see here a guardian serpent corpse.
You slice the salamander!!
The salamander is moderately wounded.
You feel sick. You block the naga's attack. The naga closely misses you.
The salamander hits you with a +0 halberd.
* * * LOW HITPOINT WARNING * * *
You are engulfed in flames!
Your icy defenses dissipate!
* * * LOW HITPOINT WARNING * * *
You closely miss the salamander.
The salamander is moderately wounded.
Your skin stops crawling.
You feel less strong-willed.
You feel sick.
You slice the salamander!!
The salamander is almost dead.
The naga barely misses you. The naga grabs you. The naga constricts you.
The salamander hits you with a +0 halberd!
* * * LOW HITPOINT WARNING * * *
You are engulfed in flames!
You die...

........##..........##......#####
...........................###..
)..............÷...........###..
###.........................##..#
..#...............####.###..##...
..#..#########...#+..###.#..##...
#+#.## ##. ###)#....#.###.##...
.#..# .N.. #.........##.###..
.#..# .....##@)##...####..###.
##..# ......NN.##.##.##.......
...#+ .[......∩T...#..........
...# ......##.....#####..####
...+ .....###..##.....#.#####
...# ....$ #...# .....#.##...
...# ...# #.#'# ####.#.##... ...#
#.# #.#N##...# #.##... .... #####
####.....# #.##..#


You could see a salamander (ally target), 2 nagas and a friendly iron troll
(summoned, berserk).

Vanquished Creatures
  Asterion (Snake:1)
  Kirke (Swamp:1)
  A thorn hunter (Swamp:4)
  Roxanne (Swamp:1)
  A nagaraja (Snake:1)
  Aizul (Snake:1)
  3 bunyips (Swamp:3)
  3 minotaurs
  3 ettins
  2 eleionomae
  2 fire dragons
  A shambling mangrove (Swamp:2)
  Fannar (D:10)
  11 naga warriors
  Erolcha (Orc:1)
  2 centaur warriors
  19 hydras
  2 salamander tyrants (Snake:2)
  An ogre mage (D:11)
  A boulder beetle (D:11)
  An ice dragon (Lair:4)
  2 ghost crabs
  3 anacondas
  8 alligators
  4 two-headed ogres
  10 death yaks
  Erica (Orc:1)
  A death knight (D:11)
  A tengu warrior (D:12)
  6 shock serpents
  5 large abominations (D:12)
  3 orc high priests (Orc:2)
  2 spriggan berserkers (Swamp:4)
  4 naga sharpshooters
  A soul eater (Gauntlet)
  4 salamander mystics
  Nergalle (Lair:3)
  9 goliath frogs
  A wizard (D:12)
  6 bog bodies
  A lindwurm (Lair:4)
  8 swamp dragons
  2 spriggan druids
  9 orc knights
  4 mana vipers
  A wolf spider (Lair:6)
  3 orc sorcerers
  16 salamanders
  2 oklob plants (Lair:2)
  3 cyclopes (D:11)
  A manticore (D:11)
  23 black mambas
  5 guardian serpents
  10 elephants
  12 naga magi
  14 cane toads
  3 rime drakes
  An unseen horror (D:11)
  9 yaktaurs (D:12)
  14 komodo dragons
  A tengu conjurer (D:11)
  3 bloated husks
  7 tyrant leeches
  9 trolls
  18 hornets
  A polar bear (Lair:6)
  14 blink frogs (Lair:3)
  A meliai zombie (D:11)
  3 slime creatures (D:12)
  11 dream sheep
  7 shadows
  2 redbacks (Lair:6)
  12 flying skulls (Gauntlet)
  Sigmund (D:5)
  50 yaks
  3 wraiths
  11 spriggans
  18 wyverns
  2 vampires (D:11)
  7 basilisks
  5 hogs (Swamp:1)
  7 steam dragons
  7 vampire mosquitoes
  15 swamp worms
  7 small abominations (D:12)
  4 wargs
  4 acid dragons
  22 nagas
  34 water moccasins
  6 swamp drakes
  33 orc warriors
  A sky beast (D:7)
  2 ice beasts
  A black bear (D:4)
  6 ogres
  A phantom (D:6)
  8 centaurs (D:11)
  16 wolves
  3 kobold brigands
  6 bullfrogs
  4 scorpions
  A wyvern zombie (D:6)
  A water moccasin skeleton (D:4)
  6 killer bees
  9 wights
  3 howler monkeys
  13 electric eels
  A lava snake (Lair:4)
  5 hounds
  18 orc priests
  3 bullfrog skeletons
  2 centaur zombies
  A centaur skeleton (D:7)
  Ijyb (D:5)
  11 iguanas
  34 orc wizards
  9 mummies
  A howler monkey zombie (D:11)
  10 gnolls (D:12)
  6 adders
  4 shadow imps
  3 white imps (Lair:4)
  A howler monkey simulacrum (D:11)
  An ufetubus (D:6)
  A worm (D:2)
  A dart slug (D:1)
  85 orcs
  6 endoplasms
  8 giant cockroaches
  6 hobgoblins
  6 jackals
  4 quokkas
  5 ball pythons
  9 bats
  5 frilled lizards
  A gnoll zombie (Ossuary)
  11 goblins
  3 hobgoblin zombies (Ossuary)
  19 kobolds
  A kobold zombie (Ossuary)
  3 orc zombies (Ossuary)
  9 rats
972 creatures vanquished.

Vanquished Creatures (collateral kills)
  A thorn hunter (Swamp:2)
  Donald (Swamp:1)
  A shambling mangrove (Swamp:4)
  2 hydras (Swamp:4)
  A ghost crab (Swamp:1)
  A death yak (D:12)
  2 swamp dragons (Swamp:4)
  2 bog bodies (Swamp:4)
  An orc knight (Bailey)
  2 orc sorcerers (Orc:2)
  2 flying skulls (Gauntlet)
  A swamp drake (Swamp:2)
  6 orc warriors
  The ghost of Ninjinzu the Skirmisher, an amateur DrBe of Trog (D:4)
  An orc priest (D:4)
  An orc wizard (Orc:2)
  8 orcs
34 creatures vanquished.

Vanquished Creatures (others)
  A hydra (Swamp:4)
  2 bloated husks (Swamp:2)
  A swamp drake (Swamp:4)
  An orc warrior (Orc:2)
  4 orcs
  4 briar patches
  A demonic plant (Gauntlet)
  17 fungi
  87 plants
  2 withered plants (Gauntlet)
120 creatures vanquished.

Grand Total: 1126 creatures vanquished

Notes
Turn   | Place    | Note
-------+----------+-------------------------------------------
     0 | D:1      | robertstho the Demonspawn Berserker began the quest for the
                  | Orb.
     0 | D:1      | Reached XP level 1. HP: 18/18 MP: 1/1
   339 | D:1      | Gained mutation: You regenerate a little health from kills.
                  | [demonic ancestry]
   339 | D:1      | Reached XP level 2. HP: 24/24 MP: 2/2
   546 | D:1      | Reached ** piety under Trog
   866 | D:1      | Gained mutation: A meltable shield of frost defends you.
                  | (SH +0) [demonic ancestry]
   866 | D:1      | Reached XP level 3. HP: 29/29 MP: 3/3
  1839 | D:2      | Found a faded altar of an unknown god.
  2033 | D:2      | Gained mutation: You have a pair of small horns on your
                  | head. [demonic ancestry]
  2033 | D:2      | Reached XP level 4. HP: 37/37 MP: 4/4
  2253 | D:3      | HP: 1/37 [orc priest (3)]
  2264 | D:3      | Reached skill level 1 in Shields
  2264 | D:3      | Reached XP level 5. HP: 29/42 MP: 5/5
  2697 | D:3      | Reached *** piety under Trog
  2816 | D:3      | Found a bloodstained altar of Trog.
  2820 | D:3      | Found a blossoming altar of Fedhas.
  2890 | D:3      | Found a hide-covered altar of Uskayaw.
  2894 | D:3      | Found a sparkling altar of Nemelex Xobeh.
  3249 | D:4      | Noticed a black bear
  3254 | D:4      | Killed a black bear
  3255 | D:4      | Gained mutation: You are partially covered in thin metallic
                  | scales. (AC +2) [demonic ancestry]
  3255 | D:4      | Reached XP level 6. HP: 48/48 MP: 6/6
  4229 | D:4      | Gained mutation: You have a pair of horns on your head.
                  | [demonic ancestry]
  4229 | D:4      | Reached XP level 7. HP: 38/55 MP: 7/7
  4359 | D:4      | Found a runed translucent gate.
  4359 | D:4      | Noticed Ninjinzu's ghost (amateur DrBe)
  4360 | D:4      | Found a runed translucent gate.
  4360 | D:4      | Identified the +3 scale mail "Hinaq Saj" {rElec}
  4361 | D:4      | Found a runed translucent gate.
  4475 | D:4      | Found a radiant altar of Vehumet.
  4485 | D:4      | Found an ancient bone altar of Kikubaaqudgha.
  4513 | D:4      | Found a shimmering blue altar of Sif Muna.
  4611 | D:5      | Entered Level 5 of the Dungeon
  4742 | D:5      | Identified the +0 leather armour "Dykiqewez" {Dex+2}
  4859 | D:5      | Identified the +7 spear of the Coin {vorpal, +Rage Stlth+}
  4897 | D:5      | Found a staircase to the Ecumenical Temple.
  5016 | D:5      | Noticed Ijyb
  5022 | D:5      | Killed Ijyb
  5126 | D:5      | Reached skill level 5 in Fighting
  5132 | D:5      | Found a sand-covered staircase.
  5141 | D:5      | Reached XP level 8. HP: 49/62 MP: 8/8
  5145 | Ossuary  | Entered an ossuary
  5190 | Ossuary  | Reached **** piety under Trog
  5274 | Ossuary  | Reached skill level 1 in Polearms
  5460 | D:5      | Noticed Sigmund
  5466 | D:5      | Killed Sigmund
  5471 | D:5      | Reached skill level 2 in Polearms
  5476 | D:5      | Reached skill level 5 in Armour
  5679 | D:5      | Found an iron altar of Okawaru.
  6003 | D:6      | Reached skill level 3 in Polearms
  6088 | D:4      | Killed Ninjinzu's ghost
  6211 | D:6      | Gained mutation: A meltable icy envelope protects you from
                  | harm. (AC +0) [demonic ancestry]
  6211 | D:6      | Reached XP level 9. HP: 69/69 MP: 9/9
  6373 | D:6      | Reached skill level 4 in Polearms
  6374 | D:6      | Reached skill level 5 in Shields
  6685 | D:6      | Reached ***** piety under Trog
  6908 | D:6      | Found a shimmering altar of Xom.
  6909 | D:6      | Found a hazy altar of Hepliaklqana.
  6910 | D:6      | Noticed a spectral ugly thing
  6910 | D:6      | Noticed a hell beast
  7218 | D:7      | Reached skill level 5 in Polearms
  7526 | D:7      | Received a gift from Trog
  8568 | D:9      | Found a staircase to the Orcish Mines.
  8578 | D:9      | Reached XP level 10. HP: 55/79 MP: 7/10
  9225 | D:9      | Noticed a two-headed ogre
  9232 | D:9      | Killed a two-headed ogre
  9233 | D:9      | Reached skill level 6 in Polearms
  9498 | D:10     | Entered Level 10 of the Dungeon
  9655 | D:10     | Found a staircase to the Lair.
  9854 | D:10     | Noticed Fannar
  9867 | D:10     | Killed Fannar
  9868 | D:10     | Reached skill level 7 in Polearms
  9868 | D:10     | Gained mutation: You have a pair of large horns on your
                  | head. [demonic ancestry]
  9868 | D:10     | Reached XP level 11. HP: 86/86 MP: 11/11
 10193 | D:11     | Noticed a five-headed hydra
 10201 | D:11     | Killed a five-headed hydra
 10246 | D:11     | Found a gate leading to a gauntlet.
 10255 | Gauntlet | Entered a Gauntlet
 10255 | Gauntlet | Found a large runed translucent door.
 10255 | Gauntlet | Found a large runed translucent door.
 10255 | Gauntlet | Found a large runed translucent door.
 10255 | Gauntlet | Found a large runed translucent door.
 10255 | Gauntlet | Found a large runed translucent door.
 10255 | Gauntlet | Found a large runed translucent door.
 10255 | Gauntlet | Found a transporter.
 10255 | Gauntlet | Found a large runed translucent door.
 10255 | Gauntlet | Found a large runed translucent door.
 10255 | Gauntlet | Found a runed translucent door.
 10255 | Gauntlet | Found a runed translucent gate.
 10255 | Gauntlet | Found a runed translucent gate.
 10255 | Gauntlet | Found a transporter.
 10255 | Gauntlet | Found a transporter.
 10255 | Gauntlet | Noticed a soul eater
 10332 | Gauntlet | Found a transporter.
 10335 | Gauntlet | Found a transporter.
 10346 | Gauntlet | Found a transporter.
 10346 | Gauntlet | Found a transporter.
 10351 | Gauntlet | Noticed a dire elephant
 10354 | Gauntlet | Found a transporter.
 10372 | Gauntlet | Found a transporter.
 10378 | Gauntlet | Found a transporter.
 10391 | Gauntlet | Found a transporter.
 10395 | Gauntlet | Found a runed translucent gate.
 10399 | Gauntlet | Found a runed translucent door.
 10410 | Gauntlet | Found a large runed translucent door.
 10410 | Gauntlet | Found a large runed translucent door.
 10410 | Gauntlet | Found a large runed translucent door.
 10410 | Gauntlet | Found a large runed translucent door.
 10411 | Gauntlet | Found a large runed translucent door.
 10411 | Gauntlet | Found a large runed translucent door.
 10412 | Gauntlet | Found a large runed translucent door.
 10412 | Gauntlet | Found a large runed translucent door.
 10436 | Gauntlet | Found a transporter.
 10537 | Gauntlet | Killed a soul eater
 10674 | Gauntlet | Identified the ring "Moloynwauxt" {rC+ rN+ Str+2 Stlth-}
 10777 | Gauntlet | Identified the ring "Nuripsa" {rElec Int+3 Dex+6 Slay+4
                  | Stlth-}
 10963 | Gauntlet | Identified the +5 flail of Past Mistakes {speed, rF+ rC+}
 10963 | Gauntlet | Noticed a minotaur
 10971 | Gauntlet | Killed a minotaur
 10977 | Gauntlet | Identified the +0 robe "Ateownuu" {rN+}
 11286 | D:11     | Noticed an ogre mage
 11297 | D:11     | Reached skill level 8 in Polearms
 11302 | D:11     | Killed an ogre mage
 11323 | D:11     | Noticed a two-headed ogre
 11335 | D:11     | Killed a two-headed ogre
 11390 | D:11     | Gained mutation: A meltable icy envelope protects you from
                  | harm. (AC +0) [demonic ancestry]
 11390 | D:11     | Reached XP level 12. HP: 95/95 MP: 12/12
 11494 | D:11     | Noticed an eight-headed hydra
 11501 | D:11     | Killed an eight-headed hydra
 11818 | D:11     | Reached skill level 9 in Polearms
 11824 | D:11     | Reached skill level 10 in Shields
 11837 | D:11     | Noticed a death knight
 11839 | D:11     | Noticed a centaur warrior
 12016 | D:11     | Noticed a boulder beetle
 12022 | D:11     | Killed a death knight
 12031 | D:11     | Killed a boulder beetle
 12032 | D:11     | Reached skill level 10 in Fighting
 12363 | D:11     | Killed a centaur warrior
 12413 | D:11     | Noticed an ettin
 12418 | D:11     | Killed an ettin
 12737 | D:11     | Found a broken altar of Ashenzari.
 12972 | D:12     | Received a gift from Trog
 13079 | D:12     | Noticed a tengu warrior
 13091 | D:12     | Killed a tengu warrior
 13311 | D:12     | Noticed a centaur warrior
 13316 | D:12     | Killed a centaur warrior
 13317 | D:12     | Reached skill level 10 in Armour
 13317 | D:12     | Gained mutation: You punish those that try to bend your
                  | will. (Will+) [demonic ancestry]
 13317 | D:12     | Reached XP level 13. HP: 91/104 MP: 13/13
 13401 | D:12     | Found a flagged portal.
 13413 | Bailey   | Entered a bailey
 13568 | Bailey   | Found the +12 glaive of Prune {vorpal}
 13651 | Bailey   | Reached skill level 10 in Polearms
 14378 | D:12     | Identified the +6 mace of the Wizarding Ancients {speed,
                  | +Rage rElec rN++ Str+2}
 14556 | D:12     | Noticed a minotaur
 14572 | D:12     | Killed a minotaur
 14576 | D:12     | Reached skill level 11 in Polearms
 14613 | D:12     | Received a gift from Trog
 14767 | D:12     | Noticed a minotaur
 14777 | D:12     | Killed a minotaur
 15244 | Lair:1   | Entered Level 1 of the Lair of Beasts
 15854 | Lair:1   | Noticed a fire dragon
 15862 | Lair:1   | Killed a fire dragon
 16094 | Lair:2   | Reached XP level 14. HP: 114/114 MP: 14/14
 16717 | Lair:3   | Reached skill level 12 in Polearms
 16933 | Lair:3   | Noticed Nergalle
 16951 | Lair:3   | Killed Nergalle
 17618 | Lair:3   | Found a staircase to the Swamp.
 17824 | Lair:4   | Identified the +0 chain mail of Resourcefulness {rPois
                  | Will- Str+6}
 18065 | Lair:4   | Found a staircase to the Snake Pit.
 18345 | Lair:4   | Received a gift from Trog
 18672 | Lair:5   | Found a viscous altar of Jiyva.
 18672 | Lair:5   | Found a staircase to the Slime Pits.
 18820 | Lair:5   | Reached skill level 13 in Polearms
 19577 | Lair:6   | Entered Level 6 of the Lair of Beasts
 19777 | Lair:6   | Reached XP level 15. HP: 99/123 MP: 15/15
 19968 | Lair:6   | Identified a scroll of acquirement
 19969 | Lair:6   | Acquired a manual of Polearms
 20001 | Lair:6   | Received a gift from Trog
 20443 | Lair:6   | Reached skill level 14 in Polearms
 20977 | Lair:6   | Reached ****** piety under Trog
 21219 | Lair:6   | Received a gift from Trog
 21481 | Orc:1    | Entered Level 1 of the Orcish Mines
 21481 | Orc:1    | Noticed Erica
 21515 | Orc:1    | Killed Erica
 21594 | Orc:1    | Found Gohet's General Store.
 21594 | Orc:1    | Noticed Erolcha
 21610 | Orc:1    | Killed Erolcha
 22051 | Orc:2    | Entered Level 2 of the Orcish Mines
 22204 | Orc:2    | Found a staircase to the Elven Halls.
 22675 | Orc:2    | Reached skill level 15 in Polearms
 23012 | Orc:2    | Found Irotoepn's Antique Weapon Boutique.
 23012 | Orc:2    | Found Otonn's General Store.
 23014 | Orc:2    | Found Wiawed's Antique Armour Boutique.
 23014 | Orc:2    | Found Weimpuk's Antique Weapon Shoppe.
 23025 | Orc:2    | Bought a potion of heal wounds for 80 gold pieces
 23399 | Swamp:1  | Entered Level 1 of the Swamp
 23741 | Swamp:1  | Identified Roxanne's Almanac of the Rocks
 23741 | Swamp:1  | Noticed Roxanne
 23756 | Swamp:1  | Killed Roxanne
 23762 | Swamp:1  | Noticed Kirke
 23765 | Swamp:1  | Received a gift from Trog
 23766 | Swamp:1  | Gained mutation: You are mostly covered in thin metallic
                  | scales. (AC +3) [demonic ancestry]
 23766 | Swamp:1  | Reached XP level 16. HP: 134/134 MP: 16/16
 23774 | Swamp:1  | Noticed a sphinx
 23775 | Swamp:1  | Killed Kirke
 24036 | Swamp:1  | Noticed Donald
 24056 | Swamp:1  | Killed Donald
 24424 | Swamp:2  | Reached skill level 5 in Dodging
 24868 | Swamp:2  | Noticed a thorn hunter
 24873 | Swamp:2  | Identified the +10 great sword of Urgency {vorpal, Fly
                  | Will- Str+2} (Trog gifted it to you on level 2 of the
                  | Swamp)
 24873 | Swamp:2  | Received a gift from Trog
 24884 | Swamp:2  | Killed a thorn hunter
 25708 | Swamp:3  | Reached skill level 16 in Polearms
 26197 | Swamp:4  | Entered Level 4 of the Swamp
 26469 | Swamp:4  | Reached skill level 15 in Fighting
 26720 | Swamp:4  | Noticed a thorn hunter
 27053 | Swamp:4  | Killed a thorn hunter
 27246 | Swamp:4  | Got a decaying rune of Zot
 27716 | Snake:1  | Entered Level 1 of the Snake Pit
 27742 | Snake:1  | Gained mutation: You are resistant to unholy torment.
                  | [demonic ancestry]
 27742 | Snake:1  | Reached XP level 17. HP: 121/142 MP: 17/17
 27825 | Snake:1  | Reached skill level 17 in Polearms
 27829 | Snake:1  | Received a gift from Trog
 28066 | Snake:1  | Noticed Asterion
 28086 | Snake:1  | HP: 6/142 [Asterion (3)]
 28526 | Snake:1  | Killed Asterion
 29067 | Snake:1  | Found Qonac's Book Emporium.
 29068 | Snake:1  | Found Lotus's Jewellery Boutique.
 29069 | Snake:1  | Found Jajoin's Book Emporium.
 29372 | Snake:1  | Noticed Aizul
 29380 | Snake:1  | Killed Aizul
 30523 | Snake:2  | Identified the +6 hand crossbow "Vogruure" {penet, rElec
                  | Int+3}
 31656 | Snake:3  | Identified the +3 short sword "Nat Bigi" {vamp, rElec rPois
                  | Str+4}
 31990 | Snake:4  | Entered Level 4 of the Snake Pit
 32378 | Snake:4  | Found Xanuv's Distillery.
 32382 | Snake:4  | Bought a potion of curing for 39 gold pieces
 32382 | Snake:4  | Bought a potion of heal wounds for 65 gold pieces
 32382 | Snake:4  | Bought a potion of heal wounds for 65 gold pieces
 32459 | Snake:4  | Slain by a salamander

Illustrated notes

Levels and vault maps discovered:
D:1:      eino_arrival_druids_welcome, layout_loops_ring
D:2:      minmay_angry_zag, layout_loops_ring, hellmonk_ecumenical_altar_run_dry
D:3:      layout_basic, nicolae_overflow_hidden_temple
D:4:      layout_rooms, palyth_temple_overflow_mages, elyvilon_altar_1,
          biasface_ghost_orc_armoury
D:5:      layout_basic, okawaru_gym_becter, minmay_temple_entry_fiery,
          gup_ossuary_entry_pyramid, uniq_ijyb, uniq_sigmund
D:6:      layout_basic, regret_index_temple_of_mockery
D:7:      layout_gridville
D:8:      layout_rooms
D:9:      layout_roguey, david_orc_3
D:10:     layout_roguey, minmay_lair_entry_grove, uniq_fannar
D:11:     nzn_winding_woodlands_huge [nzn_winding_woodlands_5x15_concentric,
          nzn_winding_woodlands_5x15_parted, nzn_winding_woodlands_5x15_crooked,
          nzn_winding_woodlands_5x15_pathside_ponds,
          nzn_winding_woodlands_5x15_pockets,
          nzn_winding_woodlands_5x15_river_crossing,
          nzn_winding_woodlands_5x15_lazy_stream,
          nzn_winding_woodlands_5x15_split_checker,
          nzn_winding_woodlands_5x15_default, nzn_winding_woodlands_5x15_twine,
          nzn_winding_woodlands_center_garden,
          nzn_winding_woodlands_center_triple_pond,
          nzn_winding_woodlands_15x15_eel_pit], layout_basic,
          gauntlet_entry_generic, minmay_stone_trees_medium,
          cheibrodos_ashenzari_chains
D:12:     fort_yaktaur, layout_stronghold, enter_bailey_3, laboratory
Lair:1:   dragon1_lemuel, layout_cellular_growth, serial_bayou_shore_a,
          infiniplex_staircase_pool
Lair:2:   layout_gridlike, minmay_lair_oklob_chamber
Lair:3:   layout_regular_city, palyth_hydra_swamp_entry, serial_bayou_lagoon_b,
          uniq_nergalle
Lair:4:   layout_gridlike, minmay_snake_entry_six_corridors, basic_altar,
          cheibrodos_lair_caveside_slide, bobbens_ice_dragon_lair,
          lemuel_fruit_tree, serial_bayou_shore_b
Lair:5:   layout_cellular_growth, slime_altar_1, grunt_forest_large_clearing_hut
Lair:6:   hangedman_lair_tendril_chambers, layout_gridlike,
          guppyfry_lair_end_dragon, hangedman_lair_unloving_vines
Swamp:1:  layout_falls_marsh, evilmike_swamp_ruin_rubble_1, uniq_donald,
          uniq_roxanne, uniq_kirke
Swamp:2:  layout_basic_swamp, hangedman_swamp_ruin_wall
Swamp:3:  layout_basic_swamp, nicolae_swamp_tree_designs
Swamp:4:  swamp_basic_johnstein, layout_basic_swamp
Snake:1:  layout_basic, drop_trap, nicolae_snake_slithery_hallway,
          minmay_shop_grove, uniq_asterion, uniq_aizul
Snake:2:  layout_concentric_octagons
Snake:3:  layout_cave_pods
Snake:4:  grunt_snake_rune_pools, layout_cave_town, serial_shops,
          nicolae_square_shop, drop_trap, nicolae_snake_gridmaze_squiggle,
          uniq_nikola
Orc:1:    layout_caves, serial_shops, shop, uniq_erica, uniq_erolcha
Orc:2:    grunt_orc_tribal_feast, layout_caves

Skill      XL: |  1  2  3  4  5  6  7  8  9 10 11 12 13 14 15 16 17 |
---------------+----------------------------------------------------+-----
Armour         | 2 3 4 5 6 7 9 10 11 12 13 14 | 14.6
Long Blades    | 3 4 |  4.8
Dodging        | 2 3 4 5 |  5.1
Shields        | 1 2 3 4 6 7 9 10 11 12 | 12.3
Fighting       | 4 5 6 7 8 9 10 11 13 14 15 16 | 16.3
Polearms       | 3 5 7 8 9 11 13 15 16 17 | 17.7
Evocations     | |  0.6

Action                   |  1- 3 |  4- 6 |  7- 9 | 10-12 | 13-15 | 16-18 || total
-------------------------+-------+-------+-------+-------+-------+-------++-------
Melee: Falchion          |   157 |   167 |    15 |       |       |       ||   339
       Headbutt          |       |    28 |    78 |   107 |   199 |   114 ||   526
       Spear             |       |       |   315 |   253 |       |       ||   568
       Long sword        |       |       |    27 |       |       |       ||    27
       Demon trident     |       |       |       |   209 |    57 |       ||   266
       Glaive            |       |       |       |       |   908 |   638 ||  1546
Invok: Berserk           |     1 |     8 |     7 |    13 |    12 |    11 ||    52
       Trog's Hand       |       |     1 |       |     1 |     2 |     4 ||     8
       Brothers in Arms  |       |       |     1 |     2 |     4 |     6 ||    13
Evoke: Wand              |       |       |       |     1 |     1 |       ||     2
       Tin of tremorston |       |       |       |       |     2 |       ||     2
       Condenser vane    |       |       |       |       |     1 |     1 ||     2
       Box of beasts     |       |       |       |       |       |     1 ||     1
  Use: Potion            |       |     7 |       |       |     3 |     3 ||    13
       Scroll            |       |     2 |    11 |     8 |    11 |    10 ||    42
 Stab: Sleeping          |     1 |       |       |       |       |       ||     1
       Distracted        |       |       |       |     1 |       |       ||     1
       Invisible         |       |       |       |       |     4 |       ||     4
Armor: Animal skin       |    25 |       |       |       |       |       ||    25
       Ring mail         |    12 |     4 |       |       |       |       ||    16
       Skin              |       |     6 |       |       |       |       ||     6
       Chain mail        |       |   112 |   153 |   189 |     4 |       ||   458
       Plate armour      |       |       |       |       |   727 |   490 ||  1217
Dodge: Dodged            |    96 |    23 |    42 |    90 |   408 |   247 ||   906
Block: Tower shield      |    41 |   182 |   316 |   507 |    79 |       ||  1125
       Other             |    11 |       |       |       |   423 |   246 ||   680
       Reflection        |       |       |       |     2 |    18 |    15 ||    35
       Rpst.: Falchion   |    35 |     9 |       |       |       |       ||    44
       Long sword        |       |       |     1 |       |       |       ||     1

Table legend: (Time is in decaauts)
 A = Elapsed time spent in this place.
 B = Non-inter-level travel time spent in this place.
 C = Inter-level travel time spent in this place.
 D = Time resting spent in this place.
 E = Time spent auto-exploring this place.
 F = Levels seen in this place.
 G = Mean time per level.
                   A        B        C        D        E       F      G
               +--------+--------+--------+--------+--------+-----+--------+
         Total |  33524 |  31920 |   1604 |   3874 |  21995 |  31 | 1081.4 |
       Dungeon |  14514 |  13761 |    753 |   1492 |   9440 |  12 | 1209.5 |
          Lair |   6753 |   6328 |    425 |    241 |   5005 |   6 | 1125.5 |
         Swamp |   4251 |   4024 |    227 |    419 |   2938 |   4 | 1062.8 |
     Snake Pit |   4742 |   4626 |    116 |   1077 |   3025 |   4 | 1185.5 |
  Orcish Mines |   1795 |   1715 |     80 |    311 |   1010 |   2 |  897.5 |
       Ossuary |    319 |    319 |      0 |     41 |    187 |   1 |  319.0 |
        Bailey |    384 |    384 |      0 |     70 |    152 |   1 |  384.0 |
      Gauntlet |    762 |    762 |      0 |    222 |    237 |   1 |  762.0 |
               +--------+--------+--------+--------+--------+-----+--------+

Top non-repeatable levels by time:
 Snake:1: 2316 daAuts
    D:11: 2147 daAuts
    D:12: 1912 daAuts
  Lair:6: 1790 daAuts
  Lair:3: 1503 daAuts
     D:4: 1455 daAuts
     D:1: 1371 daAuts
     D:3: 1303 daAuts
 Swamp:3: 1244 daAuts
 Swamp:2: 1188 daAuts
     D:5: 1165 daAuts
 Snake:2: 1042 daAuts
     D:6: 1025 daAuts
   Orc:2: 1017 daAuts
 Swamp:4: 980 daAuts
